 Dungeon Crawl Stone Soup version 0.30-a0-923-g828ccac5a3 (webtiles) character file.

Game seed: 16121066313967413324

636 Morbidden the Sneak (level 7, -2/52 HPs)
             Began as a Demonspawn Brigand on Mar 22, 2023.
             Slain by a gnoll
             ... wielding a +0 flail
              (3 damage)
             ... on level 4 of the Dungeon.
             The game lasted 00:07:02 (4498 turns).

Morbidden the Sneak (Demonspawn Brigand)            Turns: 4498, Time: 00:07:03

Health: -2/52      AC:  8    Str: 11    XL:     7   Next: 25%
Magic:  9/9        EV: 12    Int: 20    God:
Gold:   102        SH:  0    Dex: 21    Spells: 5/9 levels left

rFire   . . .      SeeInvis .      - Unarmed
rCold   . . .      Faith    .    (no shield)
rNeg    . . .      Spirit   .    d - +3 leather armour
rPois   .          Reflect  .    o - +0 helmet
rElec   .          Rampage  .    c - +0 cloak
rCorr   .                        (no gloves)
Will    .....                    (no boots)
Stlth   +++                      (no amulet)
HPRegen 0.28/turn                m - +6 ring of intelligence
MPRegen 0.11/turn                u - +6 ring of dexterity

@: mighty
A: claws 2, sturdy frame 1, demonic magic 2
a: no special abilities


You were on level 4 of the Dungeon.
You visited 1 branch of the dungeon, and saw 4 of its levels.

You collected 102 gold pieces.

Inventory:

Hand Weapons
 a - a +2 dagger
Missiles
 e - 3 curare-tipped darts
 j - a poisoned dart (quivered)
Armour
 c - a +0 cloak (worn)
 d - a +3 leather armour (worn)
 o - a +0 helmet (worn)
Jewellery
 m - a +6 ring of intelligence (left claw)
 u - a +6 ring of dexterity (right claw)
Wands
 q - a wand of paralysis (8)
Scrolls
 b - 2 scrolls of vulnerability {unknown}
 g - 4 scrolls of teleportation {unknown}
 h - a scroll of acquirement {unknown}
 i - a scroll of brand weapon {unknown}
 k - 5 scrolls of identify {unknown}
 n - a scroll of fog {unknown}
 r - a scroll of silence {unknown}
 s - a scroll of enchant weapon {unknown}
 t - a scroll of fear {unknown}
 y - a scroll of noise {unknown}
Potions
 f - a potion of resistance {unknown}
 l - a potion of haste {unknown}
 p - a potion of might
 v - a potion of heal wounds {unknown}
 w - a potion of attraction {unknown}
 x - a potion of flight {unknown}
 z - a potion of brilliance {unknown}


   Skills:
 * Level 3.3 Fighting
 + Level 3.5(3.6) Short Blades
 + Level 1.0(2.4) Long Blades
 + Level 2.3 Throwing
 * Level 1.6 Armour
 * Level 2.0 Dodging
 + Level 4.7 Stealth
 * Level 1.1 Unarmed Combat
 * Level 1.6 Spellcasting
 * Level 1.8 Conjurations
 * Level 1.3 Fire Magic
 + Level 0.8 Evocations


You had 5 spell levels left.
You knew the following spells:

 Your Spells              Type           Power      Damage    Failure   Level
a - Sticky Flame          Conj/Fire      8%         2d3       65%         4

Your spell library contained the following spells:

 Spells                   Type           Power      Damage    Failure   Level
 Sting                    Tmut/Pois      4%         1d3       19%         1
 Poisonous Vapours        Pois/Air       2%         N/A       26%         2
 Dazzling Flash           Conj/Hex       10%        N/A       36%         3
 Ignite Poison            Fire/Tmut/Pois 3%         N/A       41%         3
 Olgreb's Toxic Radiance  Pois           1%         N/A       87%         4
 Agony                    Necr           1%         N/A       99%         5
 Silence                  Hex/Air        0%         N/A       99%         5
 Ignition                 Fire           3%         3d4       100%        8


Dungeon Overview and Level Annotations

Branches:
Dungeon (4/15)
 Temple: D:4-7

Altars:
Trog

Shops:
D:1 [   D:4 (

Annotations:
D:3 2 transporters


Innate Abilities, Weirdness & Mutations

You have very sharp fingernails.
Your movements are slightly less encumbered by armour. (ER -2)
Spells you cast may paralyse nearby enemies.


Message History

The gnoll attacks as you move away! The gnoll hits you with a +0 club.
The gnoll attacks as you move away! The gnoll barely misses you.
The gnoll attacks as you move away! The gnoll barely misses you.
The gnoll attacks as you move away! The gnoll hits you with a +0 flail.
The gnoll attacks as you move away! The gnoll hits you with a +0 flail!
* * * LOW HITPOINT WARNING * * *
Okay, then.
The gnoll attacks as you move away! The gnoll hits you with a +0 club.
* * * LOW HITPOINT WARNING * * *
It was a potion of might.
You feel very mighty all of a sudden. The gnoll hits you with a +0 club.
* * * LOW HITPOINT WARNING * * *
Unknown command.
Unknown command.
Unknown command.
Unknown command.
You scratch the gnoll.
The gnoll is lightly wounded.
The gnoll closely misses you. The gnoll hits you but does no damage.
Unknown command.
Unknown command.
You scratch the gnoll.
The gnoll is lightly wounded.
The gnoll hits you with a +0 club.
* * * LOW HITPOINT WARNING * * *
The gnoll misses you.
The gnoll hits you from afar with a +0 spear.
* * * LOW HITPOINT WARNING * * *
You barely miss the gnoll.
The gnoll is lightly wounded.
The gnoll hits you but does no damage. The gnoll hits you with a +0 flail.
* * * LOW HITPOINT WARNING * * *
The gnoll closely misses you.
Unknown command.
Unknown command.
You closely miss the gnoll.
The gnoll is lightly wounded.
The gnoll misses you. The gnoll hits you with a +0 flail.
You die...

###..................#...........
...(.............................
....).......### #.....#.#........
...)).........# #.....#..........
..............# #....##....###...
..............# #...)##....# #...
..............# #..........# #...
..............###....[.....###...
.....#####....g.@...........##..)
.....#####.....gg.......###...##.
........................# ###....
..........##########....# #....
..........# #....#....## #....
....#.....#####..........# #...>
#.#.#.....##.............# #....
....#.....##.............####....
..###.....##.....................


You could see 3 gnolls.

Vanquished Creatures
  A hornet (D:4)
  A phantom (D:4)
  2 hounds
  A jelly (D:4)
  Jessica (D:3)
  2 orc wizards
  4 gnolls
  7 adders
  3 worms
  2 dart slugs
  7 orcs
  5 ball pythons
  7 endoplasms
  5 giant cockroaches
  7 goblins
  4 hobgoblins
  4 jackals
  4 quokkas
  3 bats
  3 frilled lizards
  5 kobolds
  10 rats
88 creatures vanquished.

Notes
Turn   | Place    | Note
-------+----------+-------------------------------------------
     0 | D:1      | Morbidden the Demonspawn Brigand began the quest for the
                  | Orb.
     0 | D:1      | Reached XP level 1. HP: 16/16 MP: 1/1
   219 | D:1      | Found Dudgh's Antique Armour Shoppe.
   226 | D:1      | Reached skill level 4 in Stealth
   226 | D:1      | Gained mutation: Your movements are slightly less
                  | encumbered by armour. (ER -2) [demonic ancestry]
   226 | D:1      | Reached XP level 2. HP: 18/22 MP: 2/2
   608 | D:1      | Reached skill level 1 in Dodging
   608 | D:1      | Gained mutation: Spells you cast may paralyse adjacent
                  | enemies. [demonic ancestry]
   608 | D:1      | Reached XP level 3. HP: 23/27 MP: 3/3
   866 | D:1      | Found a faded altar of an unknown god.
  1676 | D:2      | Reached skill level 1 in Armour
  1766 | D:2      | Gained mutation: Spells you cast may paralyse nearby
                  | enemies. [demonic ancestry]
  1766 | D:2      | Reached XP level 4. HP: 31/33 MP: 4/4
  1842 | D:2      | Learned a level 4 spell: Sticky Flame
  1994 | D:3      | Reached skill level 1 in Long Blades
  2147 | D:3      | Found a transporter.
  2184 | D:3      | Found a transporter.
  2216 | D:3      | Noticed a moth of wrath
  2219 | D:3      | Found a bloodstained altar of Trog.
  2220 | D:3      | Noticed Jessica
  2242 | D:3      | Killed Jessica
  2375 | D:3      | Gained mutation: You have sharp fingernails. [demonic
                  | ancestry]
  2375 | D:3      | Reached XP level 5. HP: 38/38 MP: 5/5
  2906 | D:4      | Noticed a hornet
  2912 | D:4      | Killed a hornet
  2913 | D:4      | Reached skill level 1 in Spellcasting
  2913 | D:4      | Reached skill level 1 in Conjurations
  2913 | D:4      | Reached XP level 6. HP: 46/46 MP: 5/7
  2923 | D:3      | Reached skill level 1 in Fire Magic
  3567 | D:4      | Found Refoorea's Weapon Shoppe.
  3631 | D:4      | Reached skill level 1 in Unarmed Combat
  3631 | D:4      | Gained mutation: You have very sharp fingernails. [demonic
                  | ancestry]
  3631 | D:4      | Reached XP level 7. HP: 25/52 MP: 9/9
  4497 | D:4      | HP: 1/52 [gnoll/+0 flail (3)]
  4498 | D:4      | Slain by a gnoll

Illustrated notes

Levels and vault maps discovered:
D:1:      lemuel_arrival_rhombus, layout_basic,
          shapermc_ecumenical_altar_mp_vishouse, serial_shops,
          nicolae_square_shop
D:2:      layout_rooms
D:3:      gammafunk_steamed_eel, layout_loops_ring, tgw_trog, uniq_jessica
D:4:      layout_basic, lemuel_coloured_pillars_altar, serial_shops,
          nicolae_shop_advertising_works [nicolae_subvault_shop_adworks],
          uniq_robin

Skill      XL: |  1  2  3  4  5  6 |
---------------+-------------------+-----
Stealth        | 4 |  4.7
Short Blades   | 2 3 |  3.5
Dodging        | 1 2 |  2.0
Armour         | 1 |  1.6
Throwing       | 2 |  2.3
Long Blades    | 1 |  1.0
Spellcasting   | 1 |  1.6
Conjurations   | 1 |  1.8
Fire Magic     | 1 |  1.3
Fighting       | 3 |  3.3
Unarmed Combat | 1 |  1.1
Evocations     | |  0.8

Action                     |  1- 3 |  4- 6 |  7- 9 || total
---------------------------+-------+-------+-------++-------
  Melee: Dagger            |   110 |   171 |       ||   281
         Punch             |       |     2 |       ||     2
         Unarmed           |       |       |    46 ||    46
  Throw: Dart              |    19 |    30 |    17 ||    66
  Evoke: Wand              |       |     4 |       ||     4
    Use: Potion            |       |       |     1 ||     1
   Stab: Sleeping          |     8 |     5 |       ||    13
         Paralysed         |       |     2 |       ||     2
 Armour: Robe              |    26 |    44 |     3 ||    73
         Leather armour    |       |       |     6 ||     6
  Dodge: Dodged            |    63 |    94 |    33 ||   190

Table legend: (Time is in decaauts)
 A = Elapsed time spent in this place.
 B = Non-inter-level travel time spent in this place.
 C = Inter-level travel time spent in this place.
 D = Time resting spent in this place.
 E = Time spent auto-exploring this place.
 F = Levels seen in this place.
 G = Mean time per level.
                   A        B        C        D        E       F      G
               +--------+--------+--------+--------+--------+-----+--------+
         Total |   4453 |   4364 |     89 |   1396 |   2076 |   4 | 1113.2 |
       Dungeon |   4453 |   4364 |     89 |   1396 |   2076 |   4 | 1113.2 |
               +--------+--------+--------+--------+--------+-----+--------+

Top non-repeatable levels by time:
     D:3: 1296 daAuts
     D:4: 1191 daAuts
     D:1: 1012 daAuts
     D:2: 952 daAuts
